 Dungeon Crawl Stone Soup version 0.28.0-53-g5a82cb258f (webtiles) character file.

Game seed: 1790562103645403294

2516 Ascent the Protected (level 9, -1/78 HPs)
             Began as a Minotaur Fighter on June 7, 2022.
             Slain by a vampire (9 damage)
             ... on level 7 of the Dungeon on June 9, 2022.
             The game lasted 01:41:18 (9158 turns).

Ascent the Protected (Minotaur Fighter)             Turns: 9158, Time: 01:41:18

Health: -1/78      AC: 15    Str: 26    XL:     9   Next: 29%
Magic:  8/8        EV:  8    Int:  5    God:
Gold:   377        SH:  0    Dex:  9    Spells: 8/8 levels left

rFire   + . .      SeeInvis .   E - +8 quarterstaff "Ezydeob" {drain, Drain rCorr Stlth+}
rCold   . . .      Faith    .   (shield currently unavailable)
rNeg    . . .      Spirit   .   j - +0 plate armour
rPois   .          Reflect  .   (helmet restricted)
rElec   .          Harm     .   (no cloak)
rCorr   +          Rampage  .   l - +0 pair of gloves
Will    .....                   (no boots)
Stlth   ..........              y - amulet of the acrobat
HPRegen 0.23/turn               t - ring of fire
MPRegen 0.11/turn               w - ring of protection from cold

@: no status effects
A: horns 2, retaliatory headbutt
a: no special abilities


You were on level 7 of the Dungeon.
You visited 2 branches of the dungeon, and saw 8 of its levels.
You also visited: Sewer.

You collected 377 gold pieces.

Inventory:

Hand Weapons
 k - a +2 dagger of draining
 n - the +5 dagger of the Dancing Ass {freeze, Str+2 Int+4}
   (You found it on level 2 of the Dungeon)

   It freezes those it strikes, dealing additional cold damage.
   It can also slow down cold-blooded creatures.
   Str:       It affects your strength (+2).
   Int:       It affects your intelligence (+4).
 z - a +0 arbalest
 E - the +8 quarterstaff "Ezydeob" (weapon) {drain, Drain rCorr Stlth+}
   (You found it on level 5 of the Dungeon)

   A truly terrible weapon, it drains the life of any living foe it strikes.
   rCorr:     It protects you from acid and corrosion.
   Drain:     It drains your maximum health when unequipped.
   Stlth:     It makes you more stealthy.
Missiles
 f - 222 stones
 m - 10 poisoned darts
 G - 64 arrows
 J - 3 boomerangs (quivered)
 K - a boomerang of dispersal
 M - 13 bolts
Armour
 c - a +0 buckler
 j - a +0 plate armour (worn)
 l - a +0 pair of gloves (worn)
 L - an orb of energy
Jewellery
 h - a ring of magical power
 t - a ring of fire (left hand)
 w - a ring of protection from cold (right hand)
 y - an amulet of the acrobat (around neck)
 A - a ring of poison resistance
Wands
 C - a wand of mindburst (10)
 D - a wand of digging (10)
Scrolls
 a - a scroll of summoning {unknown}
 b - a scroll of amnesia {unknown}
 i - 2 scrolls of vulnerability
 o - 4 scrolls of identify
 q - 2 scrolls of fog
 s - 2 scrolls of fear {unknown}
 v - 3 scrolls of teleportation {unknown}
 x - a scroll of magic mapping {unknown}
 F - a scroll of immolation {unknown}
 H - a scroll of enchant weapon {unknown}
Potions
 d - a potion of might
 e - 2 potions of haste
 g - 2 potions of flight
 p - 2 potions of brilliance
 r - 3 potions of curing
 u - 3 potions of heal wounds {unknown}
 B - a potion of degeneration {unknown}
 I - a potion of lignification {unknown}


   Skills:
 + Level 6.4 Fighting
 + Level 6.8 Short Blades
 + Level 4.6 Axes
 + Level 4.8 Staves
 + Level 9.2 Armour
 + Level 1.8 Dodging
 + Level 1.1 Stealth
 + Level 5.7 Shields


You had 8 spell levels left.
You didn't know any spells.
Your spell library contained the following spells:

 Spells                   Type           Power      Damage    Failure   Level
 Blink                    Tloc           0%         N/A       100%        2
 Corpse Rot               Necr/Air       0%         N/A       100%        2
 Portal Projectile        Hex/Tloc       0%         N/A       100%        3
 Dispel Undead            Necr           0%         3d6       100%        4
 Blade Hands              Tmut           0%         N/A       100%        5
 Excruciating Wounds      Necr           0%         N/A       100%        5
 Manifold Assault         Tloc           0%         N/A       100%        5
 Death Channel            Necr           0%         N/A       100%        6
 Storm Form               Tmut/Air       0%         N/A       100%        7


Dungeon Overview and Level Annotations

Branches:
Dungeon (7/15)             Temple (1/1) D:5           Sewer (visited)

Altars:
Ashenzari
Dithmenos
Elyvilon
Fedhas
Gozag
Hepliaklqana
Kikubaaqudgha
Makhleb
Nemelex Xobeh
Okawaru
Qazlal
Ru
Sif Muna
Trog
Uskayaw
Vehumet
Wu Jian
Xom
Yredelemnul
Zin
The Shining One

Shops:
D:4 *   D:6 *   D:7 *

Annotations:
D:3 3 runed translucent doors, ZoeForever1's ghost, amateur DsGl


Innate Abilities, Weirdness & Mutations

You have a pair of horns on your head.
You reflexively headbutt those who attack you in melee.


Message History

Something bites you.
Something draws strength from your injuries!
You miss something. Something hits you. Something bites you.
Something draws strength from your injuries!
You bludgeon something!! You headbutt something.
You hear some strange, mumbled words.
You are confused.
Something misses you. x2
You're too confused to move!
Something hits you. Something bites you but does no damage.
You hear some strange, mumbled words.
Something tries to affect you, but you resist.
You hear some strange, mumbled words.
You are more confused.
Something barely misses you. Something bites you but does no damage.
You bump into the stone wall.
Something hits you but does no damage. Something bites you.
Something draws strength from your injuries!
Something hits you but does no damage. Something closely misses you.
You bump into the stone wall.
Something hits you but does no damage. Something bites you.
Something draws strength from your injuries!
Something barely misses you. Something bites you but does no damage.
You hear some strange, mumbled words.
You are more confused.
You are too confused!
There is an open door, spattered with blood here.
You bump into the stone wall.
Something hits you. Something bites you but does no damage.
You closely miss something. You headbutt something! Something hits you!
Something bites you but does no damage.
You barely miss something. Your headbutt misses something.
Something draws life force from you.
You miss something.
You feel less confused. Something draws life force from you!!
* * * LOW HITPOINT WARNING * * *
You hit something but do no damage. Your headbutt misses something.
Something hits you!
You die...

.. ....# . ....# ..
###########...#
#'######.........#...#
.................#...#
.................#...#
.................#...#
................{'...#
................@#...#
.................#...#
.................#...#
############.....#####
...# #.....# ...#
#.....# ...# #.....#
...# #.....# ...#
#.....#


There were no monsters in sight!

Vanquished Creatures
  Pikel (D:5)
  Prince Ribbit (D:7)
  Sigmund (D:5)
  Eustachio (D:5)
  A water moccasin (D:6)
  Duvessa (D:7)
  A necrophage (D:4)
  2 black bears
  A centaur (D:7)
  2 ogres
  A kobold brigand (Sewer)
  A bullfrog (D:7)
  A wyvern zombie (D:6)
  Dowan (D:7)
  A centaur zombie (D:7)
  A bullfrog zombie (D:5)
  2 bullfrog skeletons
  An orc priest (D:4)
  A hound (D:6)
  2 iguanas
  3 orc wizards
  A killer bee zombie (D:6)
  Robin (D:3)
  3 gnolls (D:3)
  2 river rats (Sewer)
  10 adders
  A shadow imp (D:6)
  A white imp (D:4)
  A worm (D:3)
  2 dart slugs
  15 orcs
  12 ball pythons
  6 endoplasms
  2 giant cockroaches (D:1)
  11 goblins
  6 hobgoblins
  16 jackals
  10 kobolds
  3 quokkas
  5 bats
  9 frilled lizards
  4 rats
148 creatures vanquished.

Vanquished Creatures (others)
  15 plants (Sewer)
15 creatures vanquished.

Grand Total: 163 creatures vanquished

Notes
Turn   | Place    | Note
-------+----------+-------------------------------------------
     0 | D:1      | Ascent the Minotaur Fighter began the quest for the Orb.
     0 | D:1      | Reached XP level 1. HP: 19/19 MP: 0/0
   185 | D:1      | Reached XP level 2. HP: 26/27 MP: 1/1
   627 | D:1      | Reached skill level 4 in Armour
   969 | D:1      | Reached XP level 3. HP: 33/33 MP: 2/2
  1436 | D:2      | Identified the +5 dagger of the Dancing Ass {freeze, Str+2
                  | Int+4}
  1652 | D:2      | Reached XP level 4. HP: 33/41 MP: 3/3
  2404 | D:3      | Reached XP level 5. HP: 47/47 MP: 4/4
  2636 | D:3      | Found a runed translucent gate.
  2636 | D:3      | Found a runed translucent gate.
  2636 | D:3      | Noticed ZoeForever1's ghost (amateur DsGl)
  2814 | D:3      | Noticed Robin
  2821 | D:3      | Killed Robin
  3104 | D:3      | Found a runed translucent gate.
  3192 | D:3      | Reached skill level 1 in Short Blades
  3387 | D:4      | Found Biow's General Store.
  3549 | D:4      | Found a glowing drain.
  3561 | Sewer    | Entered a sewer
  3735 | Sewer    | Reached skill level 5 in Armour
  3735 | Sewer    | Reached skill level 1 in Dodging
  3735 | Sewer    | Reached XP level 6. HP: 45/53 MP: 5/5
  4365 | D:4      | Reached skill level 5 in Shields
  4436 | D:4      | Reached skill level 5 in Fighting
  4881 | D:5      | Entered Level 5 of the Dungeon
  4890 | D:5      | Noticed Eustachio
  4961 | D:5      | Reached XP level 7. HP: 61/61 MP: 6/6
  5033 | D:5      | Noticed Pikel
  5045 | D:5      | Killed Pikel
  5046 | D:5      | Reached skill level 5 in Short Blades
  5046 | D:5      | Reached skill level 6 in Armour
  5175 | D:5      | Reached XP level 8. HP: 66/69 MP: 7/7
  5381 | D:5      | Noticed Sigmund
  5397 | D:5      | Killed Sigmund
  5398 | D:5      | Reached skill level 7 in Armour
  5724 | D:5      | Identified the +8 quarterstaff "Ezydeob" {drain, Drain
                  | rCorr Stlth+}
  6095 | D:5      | Killed Eustachio
  6412 | D:5      | Found a staircase to the Ecumenical Temple.
  6420 | D:5      | Reached skill level 1 in Stealth
  6447 | Temple   | Entered the Ecumenical Temple
  6973 | D:6      | Reached skill level 8 in Armour
  7098 | D:6      | Reached skill level 1 in Staves
  7749 | D:6      | Found Riarpheb's General Store.
  8291 | D:7      | Noticed Duvessa
  8293 | D:7      | Noticed Dowan
  8296 | D:7      | Killed Duvessa
  8297 | D:7      | Reached XP level 9. HP: 45/75 MP: 8/8
  8300 | D:7      | Killed Dowan
  8719 | D:7      | Found Ungaloq's Sacrilege Store.
  8879 | D:7      | Noticed Prince Ribbit
  8883 | D:7      | Killed Prince Ribbit
  8884 | D:7      | Reached skill level 9 in Armour
  9158 | D:7      | Slain by a vampire

Illustrated notes

Levels and vault maps discovered:
D:1:      evilmike_arrival_fibonacci_small, layout_basic,
          hangedman_abyss_or_decor_stabs
D:2:      layout_basic
D:3:      layout_loops_cross, biasface_ghost_orc_armoury, uniq_robin
D:4:      layout_cave_pools, serial_shops, shop, portal_sewer_entry_d,
          serial_rivers, chequers_serial_rivers_large_b,
          chequers_serial_rivers_micro_e, chequers_serial_rivers_micro_c,
          chequers_serial_rivers_small_a, chequers_serial_rivers_small_3,
          chequers_serial_rivers_room_a
D:5:      layout_loops_ring, temple_green, uniq_eustachio, uniq_pikel,
          uniq_sigmund
D:6:      layout_basic, serial_shops, nicolae_shop_behind_doors
D:7:      layout_gridville, nicolae_evil_shop, uniq_duvessa, uniq_prince_ribbit1
Temple:   roderic_octagonal_lattice_temple

Skill      XL: |  1  2  3  4  5  6  7  8  9 |
---------------+----------------------------+-----
Fighting       | 4 5 6 |  6.4
Shields        | 4 5 |  5.7
Armour         | 4 5 6 8 9 |  9.2
Axes           | 3 4 |  4.6
Short Blades   | 2 3 5 6 |  6.8
Dodging        | 1 |  1.8
Stealth        | 1 |  1.1
Staves         | 2 4 |  4.8

Action                   |  1- 3 |  4- 6 |  7- 9 || total
-------------------------+-------+-------+-------++-------
Melee: War axe           |    61 |       |       ||    61
       Headbutt          |     7 |    47 |    34 ||    88
       Dagger            |    18 |   222 |   114 ||   354
       Quarterstaff      |       |       |    58 ||    58
Throw: Boomerang         |       |       |     1 ||     1
  Use: Potion            |     2 |       |     1 ||     3
       Scroll            |       |     3 |       ||     3
Armor: Scale mail        |    22 |       |       ||    22
       Plate armour      |    20 |    86 |    86 ||   192
Dodge: Dodged            |    37 |    44 |    66 ||   147
Block: Buckler           |    20 |    28 |     8 ||    56
